Inferno vs Ice Dragons
Created - December 22, 2018 at 19:06
Goals
|
Inferno |
2 |
5 |
0 |
7 |
Ice Dragons |
0 |
1 |
0 |
1 |
|
Shots
|
Inferno |
12 |
10 |
11 |
33 |
Ice Dragons |
10 |
15 |
8 |
33 |
|
1st period
1. Inferno , Simon Danis-Pepin 1 (Anders Lee 11, Matthew Nieto 11) at 8:43 (PP)
2. Inferno , Matt Kassian 14 (Bryan Rust 10) at 13:58
Penalties :
Steve Ott (Kin) for Holding (Minor) at 8:06, Michael Ferland (Kin) for Slashing (Minor) at 11:24, Christian Folin (Anc) for Hooking (Minor) at 15:47
2nd period
3. Inferno , Victor Rask 6 (Christian Folin 17) at 1:07
4. Inferno , Mathieu Brodeur 1 (Anders Lee 12, Bryan Rust 11) at 1:40
5. Ice Dragons , Michael Ferland 1 (Michael Chaput 7) at 2:31
6. Inferno , Vladimir Zharkov 10 (Vladimir Sobotka 14, Tanner Pearson 15) at 2:45
7. Inferno , Vladimir Zharkov 11 (Christian Folin 18, Matthew Nieto 12) at 8:27
8. Inferno , Bryan Rust 12 (Matt Kassian 10, Simon Danis-Pepin 4) at 15:32
Penalties :
Colby Robak (Anc) for Holding (Minor) at 9:04, Matthew Nieto (Anc) for Hooking (Minor) at 11:33, David Savard (Anc) for Hooking (Minor) at 18:24
3rd period
No Goal
Penalties :
Victor Rask (Anc) for Hooking (Minor) at 6:53
Goalie Stats
Christopher Gibson (Anc), 32 saves from 33 shots - (0.970), W, 11-7-2, 60:00 minutes
Anders Nilsson (Kin), 15 saves from 18 shots - (0.833), 38:20 minutes
Harru Sateri (Kin), 11 saves from 15 shots - (0.733), L, 6-8-1, 21:40 minutes
Players Stats for Inferno
Player Name G A P +/- PIM S H SB GA TA FO MP PP MP PK MP
------------------------------------------------------------------------------------
Anders Lee 0 2 2 3 0 5 0 0 1 0 2/9 13:06 1:14 0:00
Bryan Rust 1 2 3 3 0 3 2 1 1 0 1/2 18:11 0:00 5:15
Christian Folin 0 2 2 4 2 2 1 2 0 0 0/0 19:15 1:25 2:06
Colby Robak 0 0 0 1 2 2 4 2 2 1 0/0 25:08 0:00 4:57
David Savard 0 0 0 0 2 0 0 0 2 0 0/0 24:51 1:25 4:24
Esa Lindell 0 0 0 0 0 2 1 0 0 0 0/0 14:11 1:11 0:55
Mathieu Brodeur 1 0 1 5 0 2 0 1 0 1 0/0 22:24 0:00 5:04
Matt Kassian 1 1 2 3 0 2 1 2 0 0 1/3 13:22 0:01 1:27
Matthew Nieto 0 2 2 -1 2 0 4 1 0 0 0/0 12:13 1:14 1:03
Oliver Bjorkstrand 0 0 0 -1 0 0 1 0 0 0 0/0 11:03 1:14 0:00
Philip Varone 0 0 0 -1 0 1 2 1 0 1 3/6 13:11 0:00 3:13
Ryan Spooner 0 0 0 1 0 0 0 0 0 0 0/0 8:51 0:01 0:00
Simon Danis-Pepin 1 1 2 0 0 1 0 3 0 0 0/0 15:08 1:11 2:24
Tanner Pearson 0 1 1 2 0 2 1 0 0 1 0/0 17:17 1:21 0:11
Tyler Shattock 0 0 0 1 0 0 0 0 0 0 1/1 8:51 0:01 0:00
Victor Rask 1 0 1 1 2 2 1 0 0 0 2/6 8:52 0:00 0:00
Vladimir Sobotka 0 1 1 2 0 2 0 0 1 1 21/31 23:38 1:21 5:28
Vladimir Zharkov 2 0 2 2 0 7 1 1 1 0 0/0 20:28 1:21 3:13
Players Stats for Ice Dragons
Player Name G A P +/- PIM S H SB GA TA FO MP PP MP PK MP
------------------------------------------------------------------------------------
Alex Henriksson 0 0 0 0 0 0 0 0 0 0 0/0 0:23 0:00 0:23
Alex Plante 0 0 0 -1 0 0 0 0 0 1 0/0 11:21 0:00 0:00
Brandon Kozun 0 0 0 -4 0 4 2 1 1 0 1/2 18:16 4:37 0:00
Brendon Nash 0 0 0 -2 0 3 2 2 1 0 0/0 28:26 5:54 1:48
Chris Wagner 0 0 0 1 0 0 0 1 0 0 0/0 13:13 0:00 0:00
Christian Djoos 0 0 0 0 0 0 0 0 0 0 0/0 0:29 0:00 0:00
Cole Ully 0 0 0 0 0 0 0 0 0 0 0/0 0:00 0:00 0:00
Damon Severson 0 0 0 -2 0 0 1 0 0 2 0/0 19:44 4:01 0:48
David Rundblad 0 0 0 -2 0 1 0 3 2 2 0/0 28:26 5:54 1:48
Emil Pettersson 0 0 0 0 0 0 0 0 0 0 0/0 1:46 0:12 0:00
Justin Shugg 0 0 0 -1 0 0 0 0 0 0 0/0 6:17 0:00 0:00
Logan MacMillan 0 0 0 -1 0 1 1 2 0 0 0/0 19:00 5:09 0:00
Luke Adam 0 0 0 -4 0 3 4 0 0 1 3/10 18:55 4:37 0:39
Michael Chaput 0 1 1 1 0 6 2 1 0 1 3/7 13:52 0:00 0:39
Michael Ferland 1 0 1 1 2 3 0 2 0 0 1/1 14:18 0:00 0:37
Michael Stone 0 0 0 -2 0 2 0 0 0 0 0/0 19:44 4:01 0:48
Sam Carrick 0 0 0 -1 0 0 2 0 0 0 2/2 6:26 0:09 0:00
Samuel Groulx 0 0 0 -1 0 1 0 2 0 0 0/0 11:50 0:00 0:00
Stefan Ruzicka 0 0 0 -2 0 4 5 0 1 0 1/4 25:27 5:15 1:38
Steve Ott 0 0 0 -1 2 5 3 0 0 1 15/30 20:25 5:09 0:57
Theodor Blueger 0 0 0 0 0 0 0 0 0 0 0/0 0:48 0:00 0:19
Thomas Gobeil 0 0 0 0 0 0 0 0 0 0 0/0 0:00 0:00 0:00
William Carrier 0 0 0 -4 0 0 1 1 0 0 1/2 18:16 4:37 0:00
3 Stars
1 - Bryan Rust (Anc)
2 - Vladimir Zharkov (Anc)
3 - Matt Kassian (Anc)
Power Play
Inferno - 1 on 2 Attempt(s) - 50.00%
Ice Dragons - 0 on 5 Attempt(s) - 0.00%
Penalty Kill
Inferno - 5 on 5 Attempt(s) - 100.00%
- Score 0 goal in Penalty Kill
Ice Dragons - 1 on 2 Attempt(s) - 50.00%
- Score 0 goal in Penalty Kill
Team Stat
Inferno - Hits : 19 - Faceoff Wins : 31 - Blocked Shots : 14 - Penalty Minutes : 10
Ice Dragons - Hits : 23 - Faceoff Wins : 27 - Blocked Shots : 15 - Penalty Minutes : 4
Official
Referees : Unknown
Linesman : Unknown
Game Notes
Anders Nilsson enters game at 1:40 of 2nd period
Finance
Level 1 -- Attendance: 1609 (80.45%) -- Ticket Income $64,360
Level 2 -- Attendance: 793 (79.30%) -- Ticket Income $15,860
Total Attendance: 2402 (80.07%)
Total Ticket Income: $80,220
Other Income: $4,011
Total Income: $84,231
Inferno
5 vs 5 Forward
Center Left Wing Right Wing Time % Phy DF OF
1 Vladimir Sobotka Tanner Pearson Vladimir Zharkov 40 1 2 2
2 Anders Lee Matt Kassian Bryan Rust 30 1 2 2
3 Philip Varone Matthew Nieto Oliver Bjorkstrand 20 1 2 2
4 Victor Rask Ryan Spooner Tyler Shattock 10 1 2 2
5 vs 5 Defense
Defense Defense Time % Phy DF OF
1 Colby Robak David Savard 40 1 2 2
2 Christian Folin Mathieu Brodeur 30 1 2 2
3 Esa Lindell Simon Danis-Pepin 20 1 2 2
4 Colby Robak Mathieu Brodeur 10 1 2 2
PowerPlay Forward
Center Left Wing Right Wing Time % Phy DF OF
1 Vladimir Sobotka Tanner Pearson Vladimir Zharkov 60 1 2 2
2 Anders Lee Matthew Nieto Oliver Bjorkstrand 40 1 2 2
PowerPlay Defense
Defense Defense Time % Phy DF OF
1 Christian Folin David Savard 60 1 2 2
2 Esa Lindell Simon Danis-Pepin 40 1 2 2
Penalty Kill 4 Players Forward
Center Wing Time % Phy DF OF
1 Vladimir Sobotka Bryan Rust 60 1 2 2
2 Philip Varone Vladimir Zharkov 40 1 2 2
Penalty Kill 4 Players Defense
Defense Defense Time % Phy DF OF
1 Colby Robak David Savard 60 1 2 2
2 Christian Folin Mathieu Brodeur 40 1 2 2
Penalty Kill - 3 Players Forward
Forward Time % Phy DF OF
1 Vladimir Sobotka 60 1 2 2
2 Bryan Rust 40 1 2 2
Penalty Kill - 3 Players Defense
Defense Defense Time % Phy DF OF
1 Colby Robak David Savard 60 1 2 2
2 Christian Folin Mathieu Brodeur 40 1 2 2
4 vs 4 Forward
Center Wing Time % Phy DF OF
1 Vladimir Sobotka Vladimir Zharkov 60 1 2 2
2 Anders Lee Bryan Rust 40 1 2 2
4 vs 4 Defense
Defense Defense Time % Phy DF OF
1 Colby Robak David Savard 60 1 2 2
2 Christian Folin Mathieu Brodeur 40 1 2 2
Last Minutes Offensive
Center Left Wing Right Wing Defense Defense
Anders Lee Tanner Pearson Vladimir Zharkov Colby Robak David Savard
Last Minutes Defensive
Center Left Wing Right Wing Defense Defense
Vladimir Sobotka Tanner Pearson Vladimir Zharkov Colby Robak David Savard
Goaltenders
Starting : Christopher Gibson
Backup : Michael Hutchinson
Extra Forwards
Normal : Philip Varone, Matt Kassian, Matthew Nieto - PP : Ryan Spooner, Oliver Bjorkstrand - PK : Matt Kassian
Extra Defensemen
Normal : Christian Folin, Mathieu Brodeur, Esa Lindell - PP : Esa Lindell - PK : Mathieu Brodeur, Simon Danis-Pepin
Penalty Shots
Vladimir Zharkov, Victor Rask, Philip Varone, Tanner Pearson, Oliver Bjorkstrand
Scratches
Chris Brown (Healthy), Frank Corrado (Healthy), Joakim Nordstrom (Healthy), Trevor Carrick (Healthy), Petteri Lindbohm (Healthy)
Daniil Tarasov (Healthy), Peter Cehlarik (Healthy), John Gilmour (Healthy), Branden Troock (Healthy), Luca Sbisa (Healthy)
Greg Pateryn (Healthy), Nathan Lieuwen (Healthy)
Ice Dragons
5 vs 5 Forward
Center Left Wing Right Wing Time % Phy DF OF
1 Steve Ott Logan MacMillan Stefan Ruzicka 40 1 2 2
2 Luke Adam William Carrier Brandon Kozun 30 1 2 2
3 Michael Chaput Michael Ferland Chris Wagner 20 1 2 2
4 Sam Carrick Stefan Ruzicka Justin Shugg 10 1 2 2
5 vs 5 Defense
Defense Defense Time % Phy DF OF
1 Brendon Nash David Rundblad 40 1 2 2
2 Michael Stone Damon Severson 30 1 2 2
3 Samuel Groulx Alex Plante 20 1 2 2
4 Brendon Nash David Rundblad 10 1 2 2
PowerPlay Forward
Center Left Wing Right Wing Time % Phy DF OF
1 Steve Ott Logan MacMillan Stefan Ruzicka 60 1 2 2
2 Luke Adam William Carrier Brandon Kozun 40 1 2 2
PowerPlay Defense
Defense Defense Time % Phy DF OF
1 Brendon Nash David Rundblad 60 1 2 2
2 Michael Stone Damon Severson 40 1 2 2
Penalty Kill 4 Players Forward
Center Wing Time % Phy DF OF
1 Stefan Ruzicka Steve Ott 60 1 4 0
2 Luke Adam Michael Chaput 40 1 4 0
Penalty Kill 4 Players Defense
Defense Defense Time % Phy DF OF
1 Brendon Nash David Rundblad 60 1 4 0
2 Michael Stone Damon Severson 40 1 4 0
Penalty Kill - 3 Players Forward
Forward Time % Phy DF OF
1 Stefan Ruzicka 60 1 4 0
2 Steve Ott 40 1 4 0
Penalty Kill - 3 Players Defense
Defense Defense Time % Phy DF OF
1 Brendon Nash David Rundblad 60 1 4 0
2 Michael Stone Damon Severson 40 1 4 0
4 vs 4 Forward
Center Wing Time % Phy DF OF
1 Stefan Ruzicka Steve Ott 60 1 2 2
2 Luke Adam Michael Chaput 40 1 2 2
4 vs 4 Defense
Defense Defense Time % Phy DF OF
1 Brendon Nash David Rundblad 60 1 2 2
2 Michael Stone Damon Severson 40 1 2 2
Last Minutes Offensive
Center Left Wing Right Wing Defense Defense
Steve Ott Logan MacMillan Stefan Ruzicka Brendon Nash David Rundblad
Last Minutes Defensive
Center Left Wing Right Wing Defense Defense
Steve Ott Logan MacMillan Stefan Ruzicka Brendon Nash David Rundblad
Goaltenders
Starting : Harru Sateri
Backup : Anders Nilsson
Extra Forwards
Normal : Emil Pettersson, Sam Carrick, Michael Ferland - PP : Emil Pettersson, Sam Carrick - PK : Michael Ferland
Extra Defensemen
Normal : Samuel Groulx, Alex Plante, Michael Stone - PP : Samuel Groulx - PK : Alex Plante, Michael Stone
Penalty Shots
Stefan Ruzicka, Steve Ott, Luke Adam, Michael Chaput, Brandon Kozun
Scratches
Brayden McNabb (Sore Left Knee Injury), Kevin Connauton (Separated Left Shoulder Injury), Oscar Dansk (Healthy)
% Time on Ice - Inferno
Lines # - Real PCT - Wanted PCT - Time Play
Normal Forward
1 - 35% - 40% - 16:51
2 - 25% - 30% - 12:01
3 - 21% - 20% - 9:49
4 - 19% - 10% - 8:48
Normal Defense
1 - 40% - 40% - 19:03
2 - 32% - 30% - 15:10
3 - 24% - 20% - 11:31
4 - 4% - 10% - 1:45
PP Forward
1 - 53% - 60% - 1:22
2 - 47% - 40% - 1:14
PP Defense
1 - 54% - 60% - 1:25
2 - 46% - 40% - 1:11
PK Forward
1 - 68% - 60% - 6:42
2 - 32% - 40% - 3:13
PK Defense
1 - 70% - 60% - 6:56
2 - 30% - 40% - 2:59
PK3 Forward
1 - 0% - 60%
2 - 0% - 40%
PK3 Defense
1 - 0% - 60%
2 - 0% - 40%
44 Forward
1 - 0% - 60%
2 - 0% - 40%
44 Defense
1 - 0% - 60%
2 - 0% - 40%
Last Minute Offensive - 0:00
Last Minute Defensive - 0:00
Total
Forward - 60:00
Defense - 60:00
|
% Time on Ice - Ice Dragons
Lines # - Real PCT - Wanted PCT - Time Play
Normal Forward
1 - 30% - 40% - 14:20
2 - 29% - 30% - 13:39
3 - 28% - 20% - 13:13
4 - 13% - 10% - 6:17
Normal Defense
1 - 41% - 40% - 19:25
2 - 31% - 30% - 14:55
3 - 24% - 20% - 11:21
4 - 4% - 10% - 1:48
PP Forward
1 - 53% - 60% - 5:18
2 - 47% - 40% - 4:37
PP Defense
1 - 59% - 60% - 5:54
2 - 41% - 40% - 4:01
PK Forward
1 - 75% - 60% - 1:57
2 - 25% - 40% - 0:39
PK Defense
1 - 69% - 60% - 1:48
2 - 31% - 40% - 0:48
PK3 Forward
1 - 0% - 60%
2 - 0% - 40%
PK3 Defense
1 - 0% - 60%
2 - 0% - 40%
44 Forward
1 - 0% - 60%
2 - 0% - 40%
44 Defense
1 - 0% - 60%
2 - 0% - 40%
Last Minute Offensive - 0:00
Last Minute Defensive - 0:00
Total
Forward - 60:00
Defense - 60:00
|
Play by Play
1st period
0:01 of 1st period - Steve Ott wins face-off versus Vladimir Sobotka in neutral zone.
0:35 of 1st period - Snap shot by Bryan Rust.
0:35 of 1st period - Shot Blocked by Brendon Nash.
0:49 of 1st period - Slapshot by Brendon Nash.
0:49 of 1st period - Shot Misses the Net.
0:57 of 1st period - Slapshot by Brendon Nash.
0:57 of 1st period - Shot Blocked by Christian Folin.
0:59 of 1st period - Slapshot by Brendon Nash.
0:59 of 1st period - Deflect By Michael Chaput.
0:59 of 1st period - Stopped by Christopher Gibson without a rebound.
1:00 of 1st period - Sam Carrick wins face-off versus Victor Rask in Inferno zone.
1:01 of 1st period - Wrist shot by Stefan Ruzicka.
1:01 of 1st period - Stopped by Christopher Gibson without a rebound.
1:02 of 1st period - Sam Carrick wins face-off versus Victor Rask in Inferno zone.
1:36 of 1st period - Off-side.
1:37 of 1st period - Vladimir Sobotka wins face-off versus Luke Adam in neutral zone.
2:06 of 1st period - Snap shot by Vladimir Zharkov.
2:06 of 1st period - Stopped by Harru Sateri with a rebound.
2:08 of 1st period - Snap shot by Vladimir Zharkov.
2:08 of 1st period - Shot Misses the Net.
2:10 of 1st period - Wrist shot by Vladimir Sobotka.
2:10 of 1st period - Shot Misses the Net.
2:12 of 1st period - Snap shot by Tanner Pearson.
2:12 of 1st period - Shot Blocked by Samuel Groulx.
2:14 of 1st period - Wrist shot by Vladimir Zharkov.
2:14 of 1st period - Shot Blocked by Logan MacMillan.
2:30 of 1st period - Wrist shot by Vladimir Zharkov.
2:30 of 1st period - Stopped by Harru Sateri with a rebound.
2:32 of 1st period - Slapshot by Vladimir Zharkov.
2:32 of 1st period - Shot Blocked by Samuel Groulx.
3:05 of 1st period - Wrist shot by Vladimir Sobotka.
3:05 of 1st period - Shot Misses the Net.
3:21 of 1st period - Snap shot by Tanner Pearson.
3:21 of 1st period - Stopped by Harru Sateri with a rebound.
3:29 of 1st period - Snap shot by Vladimir Sobotka.
3:29 of 1st period - Shot Misses the Net.
3:31 of 1st period - Slapshot by Simon Danis-Pepin.
3:31 of 1st period - Deflect By Tanner Pearson.
3:31 of 1st period - Shot Misses the Net.
3:31 of 1st period - Puck is out of play.
3:32 of 1st period - Michael Chaput wins face-off versus Anders Lee in Ice Dragons zone.
3:32 of 1st period - Michael Chaput is hit by Bryan Rust.
3:58 of 1st period - Luke Adam is hit by Philip Varone and loses puck.
6:21 of 1st period - Christian Folin is hit by Damon Severson.
7:27 of 1st period - Colby Robak is hit by Stefan Ruzicka and loses puck.
7:51 of 1st period - Icing by Sam Carrick.
7:52 of 1st period - Anders Lee wins face-off versus Luke Adam in Ice Dragons zone.
7:57 of 1st period - Slapshot by Matt Kassian.
7:57 of 1st period - Stopped by Harru Sateri without a rebound.
7:58 of 1st period - Anders Lee wins face-off versus Luke Adam in Ice Dragons zone.
7:59 of 1st period - Slapshot by Matt Kassian.
7:59 of 1st period - Shot Misses the Net.
8:01 of 1st period - Slapshot by Mathieu Brodeur.
8:01 of 1st period - Shot Misses the Net.
8:03 of 1st period - Wrist shot by Anders Lee.
8:03 of 1st period - Stopped by Harru Sateri without a rebound.
8:04 of 1st period - Steve Ott wins face-off versus Anders Lee in Ice Dragons zone.
8:06 of 1st period - Minor Penalty to Steve Ott for Holding.
8:07 of 1st period - Vladimir Sobotka wins face-off versus Stefan Ruzicka in Ice Dragons zone.
8:33 of 1st period - Slapshot by Esa Lindell.
8:33 of 1st period - Shot Blocked by David Rundblad.
8:41 of 1st period - Snap shot by Anders Lee.
8:41 of 1st period - Stopped by Harru Sateri with a rebound.
8:43 of 1st period - Slapshot by Simon Danis-Pepin.
8:43 of 1st period - Goal by Simon Danis-Pepin - Inferno : 1 - Ice Dragons : 0.
8:44 of 1st period - Vladimir Sobotka wins face-off versus Brandon Kozun in neutral zone.
9:09 of 1st period - David Savard is hit by Steve Ott and loses puck.
9:34 of 1st period - Wrist shot by Michael Chaput.
9:34 of 1st period - Stopped by Christopher Gibson without a rebound.
9:35 of 1st period - Michael Ferland wins face-off versus Victor Rask in Inferno zone.
9:44 of 1st period - Wrist shot by Chris Wagner.
9:44 of 1st period - Deflect By Michael Chaput.
9:44 of 1st period - Stopped by Christopher Gibson with a rebound.
9:46 of 1st period - Slapshot by Michael Stone.
9:46 of 1st period - Stopped by Christopher Gibson with a rebound.
9:48 of 1st period - Snap shot by Michael Chaput.
9:48 of 1st period - Stopped by Christopher Gibson with a rebound.
9:50 of 1st period - Slapshot by Michael Stone.
9:50 of 1st period - Deflect By Michael Chaput.
9:50 of 1st period - Stopped by Christopher Gibson with a rebound.
10:05 of 1st period - Wrist shot by David Savard.
10:05 of 1st period - Shot Misses the Net.
10:09 of 1st period - Wrist shot by Victor Rask.
10:09 of 1st period - Shot Misses the Net.
10:11 of 1st period - Slapshot by Ryan Spooner.
10:11 of 1st period - Deflect By Victor Rask.
10:11 of 1st period - Shot Misses the Net.
10:11 of 1st period - Puck is out of play.
10:12 of 1st period - Steve Ott wins face-off versus Vladimir Sobotka in Ice Dragons zone.
10:48 of 1st period - Snap shot by Brandon Kozun.
10:48 of 1st period - Shot Blocked by Bryan Rust.
11:24 of 1st period - Minor Penalty to Michael Ferland for Slashing.
11:25 of 1st period - Stefan Ruzicka wins face-off versus Vladimir Sobotka in Ice Dragons zone.
11:29 of 1st period - Vladimir Zharkov is hit by Stefan Ruzicka and loses puck.
11:50 of 1st period - Matthew Nieto is hit by Brendon Nash.
12:23 of 1st period - Stefan Ruzicka is hit by Christian Folin and loses puck.
13:10 of 1st period - Esa Lindell is hit by Luke Adam and loses puck.
13:24 of 1st period - Penalty to Michael Ferland is over, Michael Ferland is back on ice.
13:46 of 1st period - Snap shot by Michael Stone.
13:46 of 1st period - Stopped by Christopher Gibson with a rebound.
13:58 of 1st period - Wrist shot by Matt Kassian.
13:58 of 1st period - Goal by Matt Kassian - Inferno : 2 - Ice Dragons : 0.
13:59 of 1st period - Vladimir Sobotka wins face-off versus Luke Adam in neutral zone.
14:10 of 1st period - Slapshot by Brendon Nash.
14:10 of 1st period - Shot Blocked by Christian Folin.
14:34 of 1st period - Wrist shot by Bryan Rust.
14:34 of 1st period - Stopped by Harru Sateri without a rebound.
14:35 of 1st period - Vladimir Sobotka wins face-off versus Steve Ott in Ice Dragons zone.
15:09 of 1st period - Slapshot by Anders Lee.
15:09 of 1st period - Stopped by Harru Sateri without a rebound.
15:10 of 1st period - Vladimir Sobotka wins face-off versus Steve Ott in Ice Dragons zone.
15:11 of 1st period - Snap shot by Vladimir Zharkov.
15:11 of 1st period - Deflect By Tanner Pearson.
15:11 of 1st period - Stopped by Harru Sateri with a rebound.
15:17 of 1st period - Snap shot by Stefan Ruzicka.
15:17 of 1st period - Shot Blocked by Simon Danis-Pepin.
15:19 of 1st period - Snap shot by Logan MacMillan.
15:19 of 1st period - Stopped by Christopher Gibson with a rebound.
15:21 of 1st period - Snap shot by Steve Ott.
15:21 of 1st period - Stopped by Christopher Gibson without a rebound.
15:22 of 1st period - Steve Ott wins face-off versus Vladimir Sobotka in Inferno zone.
15:32 of 1st period - Off-side.
15:33 of 1st period - Vladimir Sobotka wins face-off versus Steve Ott in neutral zone.
15:47 of 1st period - Minor Penalty to Christian Folin for Hooking.
15:48 of 1st period - Steve Ott wins face-off versus Vladimir Sobotka in Inferno zone.
17:47 of 1st period - Penalty to Christian Folin is over, Christian Folin is back on ice.
18:01 of 1st period - Slapshot by Michael Stone.
18:01 of 1st period - Shot Blocked by Simon Danis-Pepin.
18:03 of 1st period - Wrist shot by Michael Stone.
18:03 of 1st period - Deflect By Chris Wagner.
18:03 of 1st period - Shot Misses the Net.
18:03 of 1st period - Puck is out of play.
18:04 of 1st period - Philip Varone wins face-off versus Michael Chaput in Inferno zone.
18:15 of 1st period - Wrist shot by Philip Varone.
18:15 of 1st period - Shot Misses the Net.
18:34 of 1st period - Slapshot by Christian Folin.
18:34 of 1st period - Deflect By Stefan Ruzicka.
18:34 of 1st period - Stopped by Harru Sateri with a rebound.
19:37 of 1st period - Snap shot by Steve Ott.
19:37 of 1st period - Deflect By Tanner Pearson.
19:37 of 1st period - Shot Misses the Net.
19:37 of 1st period - Puck is out of play.
19:38 of 1st period - Vladimir Sobotka wins face-off versus Steve Ott in Inferno zone.
19:53 of 1st period - Colby Robak is hit by Stefan Ruzicka and loses puck.
Goals for this period are 2 for Inferno vs 0 for Ice Dragons.
Shots for this period are 12 for Inferno vs 10 for Ice Dragons.
2nd period
0:01 of 2nd period - Vladimir Sobotka wins face-off versus Stefan Ruzicka in neutral zone.
0:12 of 2nd period - Slapshot by Steve Ott.
0:12 of 2nd period - Stopped by Christopher Gibson with a rebound.
0:14 of 2nd period - Wrist shot by Stefan Ruzicka.
0:14 of 2nd period - Stopped by Christopher Gibson with a rebound.
0:31 of 2nd period - Snap shot by Luke Adam.
0:31 of 2nd period - Stopped by Christopher Gibson with a rebound.
1:07 of 2nd period - Wrist shot by Victor Rask.
1:07 of 2nd period - Goal by Victor Rask - Inferno : 3 - Ice Dragons : 0.
1:08 of 2nd period - Vladimir Sobotka wins face-off versus Steve Ott in neutral zone.
1:11 of 2nd period - Slapshot by Christian Folin.
1:11 of 2nd period - Shot Blocked by David Rundblad.
1:36 of 2nd period - Snap shot by Bryan Rust.
1:36 of 2nd period - Stopped by Harru Sateri with a rebound.
1:38 of 2nd period - Snap shot by Anders Lee.
1:38 of 2nd period - Shot Blocked by David Rundblad.
1:40 of 2nd period - Backhand shot by Mathieu Brodeur.
1:40 of 2nd period - Deflect By William Carrier.
1:40 of 2nd period - Goal by Mathieu Brodeur - Inferno : 4 - Ice Dragons : 0.
1:40 of 2nd period - Anders Nilsson enters game.
1:41 of 2nd period - Steve Ott wins face-off versus Anders Lee in neutral zone.
2:08 of 2nd period - William Carrier is hit by Colby Robak and loses puck.
2:31 of 2nd period - Wrist shot by Michael Ferland.
2:31 of 2nd period - Goal by Michael Ferland - Inferno : 4 - Ice Dragons : 1.
2:32 of 2nd period - Vladimir Sobotka wins face-off versus Steve Ott in neutral zone.
2:45 of 2nd period - Snap shot by Vladimir Zharkov.
2:45 of 2nd period - Goal by Vladimir Zharkov - Inferno : 5 - Ice Dragons : 1.
2:46 of 2nd period - Bryan Rust wins face-off versus Steve Ott in neutral zone.
3:11 of 2nd period - David Savard is hit by William Carrier and loses puck.
3:20 of 2nd period - Snap shot by Brandon Kozun.
3:20 of 2nd period - Stopped by Christopher Gibson without a rebound.
3:21 of 2nd period - Steve Ott wins face-off versus Philip Varone in Inferno zone.
3:26 of 2nd period - Snap shot by Steve Ott.
3:26 of 2nd period - Shot Misses the Net.
3:28 of 2nd period - Slapshot by Michael Stone.
3:28 of 2nd period - Shot Blocked by Mathieu Brodeur.
3:36 of 2nd period - Wrist shot by Steve Ott.
3:36 of 2nd period - Stopped by Christopher Gibson without a rebound.
3:37 of 2nd period - Vladimir Sobotka wins face-off versus Luke Adam in Inferno zone.
3:44 of 2nd period - Snap shot by Brandon Kozun.
3:44 of 2nd period - Stopped by Christopher Gibson with a rebound.
3:46 of 2nd period - Wrist shot by Brendon Nash.
3:46 of 2nd period - Stopped by Christopher Gibson with a rebound.
3:48 of 2nd period - Slapshot by William Carrier.
3:48 of 2nd period - Shot Blocked by Simon Danis-Pepin.
3:50 of 2nd period - Wrist shot by Brendon Nash.
3:50 of 2nd period - Shot Blocked by Vladimir Zharkov.
4:02 of 2nd period - Bryan Rust is hit by Stefan Ruzicka and loses puck.
4:07 of 2nd period - Wrist shot by Steve Ott.
4:07 of 2nd period - Deflect By Anders Lee.
4:07 of 2nd period - Shot Blocked by Matt Kassian.
4:07 of 2nd period - Puck is out of play.
4:08 of 2nd period - Steve Ott wins face-off versus Anders Lee in Inferno zone.
4:09 of 2nd period - Snap shot by Stefan Ruzicka.
4:09 of 2nd period - Stopped by Christopher Gibson without a rebound.
4:10 of 2nd period - Steve Ott wins face-off versus Matt Kassian in Inferno zone.
4:23 of 2nd period - Wrist shot by Stefan Ruzicka.
4:23 of 2nd period - Stopped by Christopher Gibson without a rebound.
4:24 of 2nd period - William Carrier wins face-off versus Vladimir Sobotka in Inferno zone.
4:58 of 2nd period - Snap shot by Anders Lee.
4:58 of 2nd period - Stopped by Anders Nilsson without a rebound.
4:59 of 2nd period - Luke Adam wins face-off versus Philip Varone in Ice Dragons zone.
4:59 of 2nd period - Luke Adam is hit by Matthew Nieto.
5:14 of 2nd period - Luke Adam is hit by Colby Robak and loses puck.
5:45 of 2nd period - Wrist shot by Vladimir Zharkov.
5:45 of 2nd period - Shot Misses the Net.
5:47 of 2nd period - Slapshot by David Savard.
5:47 of 2nd period - Deflect By Bryan Rust.
5:47 of 2nd period - Shot Misses the Net.
5:47 of 2nd period - Puck is out of play.
5:48 of 2nd period - Michael Chaput wins face-off versus Anders Lee in Ice Dragons zone.
6:37 of 2nd period - Snap shot by Ryan Spooner.
6:37 of 2nd period - Shot Misses the Net.
7:07 of 2nd period - Wrist shot by Michael Chaput.
7:07 of 2nd period - Stopped by Christopher Gibson with a rebound.
7:09 of 2nd period - Slapshot by Brendon Nash.
7:09 of 2nd period - Stopped by Christopher Gibson with a rebound.
7:11 of 2nd period - Snap shot by David Rundblad.
7:11 of 2nd period - Stopped by Christopher Gibson without a rebound.
7:12 of 2nd period - Vladimir Sobotka wins face-off versus Steve Ott in Inferno zone.
7:37 of 2nd period - Matt Kassian is hit by Luke Adam.
8:03 of 2nd period - Stefan Ruzicka is hit by Matthew Nieto and loses puck.
8:27 of 2nd period - Wrist shot by Vladimir Zharkov.
8:27 of 2nd period - Goal by Vladimir Zharkov - Inferno : 6 - Ice Dragons : 1.
8:28 of 2nd period - Vladimir Sobotka wins face-off versus William Carrier in neutral zone.
8:39 of 2nd period - Brandon Kozun is hit by Vladimir Zharkov and loses puck.
9:04 of 2nd period - Minor Penalty to Colby Robak for Holding.
9:05 of 2nd period - Steve Ott wins face-off versus Vladimir Sobotka in Inferno zone.
9:56 of 2nd period - Bryan Rust is hit by Steve Ott and loses puck.
11:04 of 2nd period - Penalty to Colby Robak is over, Colby Robak is back on ice.
11:17 of 2nd period - Snap shot by Michael Ferland.
11:17 of 2nd period - Stopped by Christopher Gibson with a rebound.
11:19 of 2nd period - Wrist shot by Michael Ferland.
11:19 of 2nd period - Stopped by Christopher Gibson with a rebound.
11:21 of 2nd period - Snap shot by Michael Chaput.
11:21 of 2nd period - Shot Misses the Net.
11:23 of 2nd period - Slapshot by Chris Wagner.
11:23 of 2nd period - Shot Blocked by Colby Robak.
11:25 of 2nd period - Slapshot by Alex Plante.
11:25 of 2nd period - Shot Blocked by Philip Varone.
11:33 of 2nd period - Minor Penalty to Matthew Nieto for Hooking.
11:34 of 2nd period - Vladimir Sobotka wins face-off versus Steve Ott in Inferno zone.
11:59 of 2nd period - David Savard is hit by Luke Adam and loses puck.
12:51 of 2nd period - Icing by Logan MacMillan.
12:52 of 2nd period - Vladimir Sobotka wins face-off versus Steve Ott in Ice Dragons zone.
13:33 of 2nd period - Penalty to Matthew Nieto is over, Matthew Nieto is back on ice.
13:40 of 2nd period - Off-side.
13:41 of 2nd period - Victor Rask wins face-off versus Michael Chaput in neutral zone.
14:31 of 2nd period - Simon Danis-Pepin is hit by Brandon Kozun and loses puck.
15:30 of 2nd period - Snap shot by Matt Kassian.
15:30 of 2nd period - Shot Misses the Net.
15:32 of 2nd period - Slapshot by Bryan Rust.
15:32 of 2nd period - Goal by Bryan Rust - Inferno : 7 - Ice Dragons : 1.
15:33 of 2nd period - Vladimir Sobotka wins face-off versus Steve Ott in neutral zone.
15:40 of 2nd period - Snap shot by Vladimir Sobotka.
15:40 of 2nd period - Shot Blocked by Logan MacMillan.
16:07 of 2nd period - Wrist shot by Anders Lee.
16:07 of 2nd period - Shot Misses the Net.
16:17 of 2nd period - Snap shot by Matthew Nieto.
16:17 of 2nd period - Shot Blocked by Michael Chaput.
16:50 of 2nd period - Snap shot by Stefan Ruzicka.
16:50 of 2nd period - Shot Misses the Net.
17:05 of 2nd period - Matt Kassian is hit by Luke Adam.
17:24 of 2nd period - Slapshot by Christian Folin.
17:24 of 2nd period - Stopped by Anders Nilsson without a rebound.
17:25 of 2nd period - Vladimir Sobotka wins face-off versus Michael Chaput in Ice Dragons zone.
17:39 of 2nd period - Wrist shot by Vladimir Zharkov.
17:39 of 2nd period - Stopped by Anders Nilsson without a rebound.
17:40 of 2nd period - Steve Ott wins face-off versus Anders Lee in Ice Dragons zone.
18:24 of 2nd period - Minor Penalty to David Savard for Hooking.
18:25 of 2nd period - Steve Ott wins face-off versus Bryan Rust in Inferno zone.
19:01 of 2nd period - Wrist shot by Vladimir Zharkov.
19:01 of 2nd period - Shot Misses the Net.
19:03 of 2nd period - Snap shot by Vladimir Zharkov.
19:03 of 2nd period - Stopped by Anders Nilsson without a rebound.
19:04 of 2nd period - Steve Ott wins face-off versus Vladimir Sobotka in Ice Dragons zone.
19:13 of 2nd period - Vladimir Sobotka is hit by Logan MacMillan.
19:17 of 2nd period - Colby Robak is hit by Steve Ott.
19:57 of 2nd period - Wrist shot by Vladimir Zharkov.
19:57 of 2nd period - Shot Misses the Net.
Goals for this period are 5 for Inferno vs 1 for Ice Dragons.
Shots for this period are 10 for Inferno vs 15 for Ice Dragons.
3rd period
0:01 of 3rd period - Vladimir Sobotka wins face-off versus Steve Ott in neutral zone.
0:06 of 3rd period - Snap shot by Vladimir Sobotka.
0:06 of 3rd period - Shot Blocked by Brendon Nash.
0:24 of 3rd period - Penalty to David Savard is over, David Savard is back on ice.
1:03 of 3rd period - Slapshot by Steve Ott.
1:03 of 3rd period - Shot Misses the Net.
1:05 of 3rd period - Wrist shot by Steve Ott.
1:05 of 3rd period - Shot Misses the Net.
1:09 of 3rd period - Snap shot by Stefan Ruzicka.
1:09 of 3rd period - Shot Misses the Net.
1:11 of 3rd period - Slapshot by Brendon Nash.
1:11 of 3rd period - Shot Hit the Post.
1:22 of 3rd period - Slapshot by Steve Ott.
1:22 of 3rd period - Stopped by Christopher Gibson without a rebound.
1:23 of 3rd period - Luke Adam wins face-off versus Philip Varone in Inferno zone.
1:24 of 3rd period - Snap shot by Brandon Kozun.
1:24 of 3rd period - Shot Misses the Net.
1:30 of 3rd period - Slapshot by Esa Lindell.
1:30 of 3rd period - Deflect By Michael Stone.
1:30 of 3rd period - Stopped by Anders Nilsson with a rebound.
1:32 of 3rd period - Wrist shot by Philip Varone.
1:32 of 3rd period - Shot Blocked by Brandon Kozun.
1:34 of 3rd period - Wrist shot by Esa Lindell.
1:34 of 3rd period - Shot Blocked by William Carrier.
1:36 of 3rd period - Wrist shot by Oliver Bjorkstrand.
1:36 of 3rd period - Shot Misses the Net.
1:48 of 3rd period - Brandon Kozun is hit by Victor Rask and loses puck.
2:11 of 3rd period - Wrist shot by Luke Adam.
2:11 of 3rd period - Stopped by Christopher Gibson with a rebound.
2:13 of 3rd period - Wrist shot by Brandon Kozun.
2:13 of 3rd period - Stopped by Christopher Gibson with a rebound.
2:19 of 3rd period - Slapshot by Brandon Kozun.
2:19 of 3rd period - Stopped by Christopher Gibson with a rebound.
2:21 of 3rd period - Slapshot by Luke Adam.
2:21 of 3rd period - Stopped by Christopher Gibson without a rebound.
2:22 of 3rd period - Philip Varone wins face-off versus Michael Chaput in Inferno zone.
2:38 of 3rd period - Slapshot by Michael Chaput.
2:38 of 3rd period - Shot Blocked by Matthew Nieto.
3:13 of 3rd period - Brendon Nash is hit by Bryan Rust and loses puck.
3:30 of 3rd period - Chris Wagner is hit by Colby Robak and loses puck.
3:40 of 3rd period - Icing by Colby Robak.
3:41 of 3rd period - Vladimir Sobotka wins face-off versus Luke Adam in Inferno zone.
4:06 of 3rd period - Steve Ott is hit by Matt Kassian and loses puck.
4:35 of 3rd period - Slapshot by Matthew Nieto.
4:35 of 3rd period - Shot Blocked by Chris Wagner.
5:10 of 3rd period - Simon Danis-Pepin is hit by Sam Carrick and loses puck.
6:15 of 3rd period - Slapshot by Christian Folin.
6:15 of 3rd period - Shot Blocked by Michael Ferland.
6:17 of 3rd period - Snap shot by Vladimir Sobotka.
6:17 of 3rd period - Shot Misses the Net.
6:19 of 3rd period - Slapshot by Mathieu Brodeur.
6:19 of 3rd period - Stopped by Anders Nilsson with a rebound.
6:37 of 3rd period - William Carrier is hit by Matthew Nieto.
6:53 of 3rd period - Minor Penalty to Victor Rask for Hooking.
6:54 of 3rd period - Brandon Kozun wins face-off versus Vladimir Sobotka in Inferno zone.
7:07 of 3rd period - Snap shot by Bryan Rust.
7:07 of 3rd period - Deflect By Vladimir Sobotka.
7:07 of 3rd period - Stopped by Anders Nilsson with a rebound.
8:45 of 3rd period - Christian Folin is hit by Brandon Kozun.
8:53 of 3rd period - Penalty to Victor Rask is over, Victor Rask is back on ice.
9:07 of 3rd period - Simon Danis-Pepin is hit by Michael Chaput and loses puck.
9:14 of 3rd period - Chris Wagner is hit by Esa Lindell.
9:47 of 3rd period - Chris Wagner is hit by Tanner Pearson and loses puck.
10:24 of 3rd period - Philip Varone is hit by Stefan Ruzicka and loses puck.
11:24 of 3rd period - Slapshot by Colby Robak.
11:24 of 3rd period - Stopped by Anders Nilsson without a rebound.
11:25 of 3rd period - Matt Kassian wins face-off versus Steve Ott in Ice Dragons zone.
11:26 of 3rd period - Snap shot by Anders Lee.
11:26 of 3rd period - Stopped by Anders Nilsson without a rebound.
11:27 of 3rd period - Steve Ott wins face-off versus Anders Lee in Ice Dragons zone.
11:42 of 3rd period - Wrist shot by Stefan Ruzicka.
11:42 of 3rd period - Shot Misses the Net.
11:54 of 3rd period - Wrist shot by Vladimir Sobotka.
11:54 of 3rd period - Shot Misses the Net.
12:19 of 3rd period - David Savard is hit by Sam Carrick and loses puck.
12:28 of 3rd period - David Rundblad is hit by Philip Varone and loses puck.
12:39 of 3rd period - Slapshot by Brendon Nash.
12:39 of 3rd period - Stopped by Christopher Gibson with a rebound.
13:37 of 3rd period - Wrist shot by Bryan Rust.
13:37 of 3rd period - Shot Blocked by Michael Ferland.
13:49 of 3rd period - Snap shot by Christian Folin.
13:49 of 3rd period - Deflect By Victor Rask.
13:49 of 3rd period - Stopped by Anders Nilsson without a rebound.
13:50 of 3rd period - Victor Rask wins face-off versus Steve Ott in Ice Dragons zone.
13:51 of 3rd period - Snap shot by Esa Lindell.
13:51 of 3rd period - Stopped by Anders Nilsson without a rebound.
13:52 of 3rd period - Tyler Shattock wins face-off versus Steve Ott in Ice Dragons zone.
14:13 of 3rd period - Snap shot by Vladimir Sobotka.
14:13 of 3rd period - Stopped by Anders Nilsson with a rebound.
14:19 of 3rd period - Backhand shot by Colby Robak.
14:19 of 3rd period - Stopped by Anders Nilsson without a rebound.
14:20 of 3rd period - Vladimir Sobotka wins face-off versus Luke Adam in Ice Dragons zone.
14:33 of 3rd period - Snap shot by Vladimir Sobotka.
14:33 of 3rd period - Shot Misses the Net.
14:52 of 3rd period - Wrist shot by Matt Kassian.
14:52 of 3rd period - Shot Misses the Net.
16:45 of 3rd period - Luke Adam is hit by Oliver Bjorkstrand and loses puck.
16:59 of 3rd period - Off-side.
17:00 of 3rd period - Michael Chaput wins face-off versus Victor Rask in neutral zone.
17:03 of 3rd period - Esa Lindell is hit by Michael Chaput and loses puck.
17:24 of 3rd period - Esa Lindell is hit by Brendon Nash and loses puck.
17:53 of 3rd period - Snap shot by Samuel Groulx.
17:53 of 3rd period - Stopped by Christopher Gibson with a rebound.
17:57 of 3rd period - Snap shot by Michael Chaput.
17:57 of 3rd period - Shot Misses the Net.
18:15 of 3rd period - Snap shot by Vladimir Zharkov.
18:15 of 3rd period - Stopped by Anders Nilsson without a rebound.
18:16 of 3rd period - Steve Ott wins face-off versus Matt Kassian in Ice Dragons zone.
18:16 of 3rd period - Steve Ott is hit by Colby Robak.
18:28 of 3rd period - Wrist shot by Steve Ott.
18:28 of 3rd period - Shot Blocked by Matt Kassian.
18:30 of 3rd period - Snap shot by Steve Ott.
18:30 of 3rd period - Stopped by Christopher Gibson with a rebound.
18:32 of 3rd period - Slapshot by Brendon Nash.
18:32 of 3rd period - Shot Blocked by Colby Robak.
18:53 of 3rd period - Brendon Nash is hit by Matthew Nieto.
19:40 of 3rd period - Icing by Ryan Spooner.
19:41 of 3rd period - Philip Varone wins face-off versus Stefan Ruzicka in Inferno zone.
19:50 of 3rd period - Wrist shot by Philip Varone.
19:50 of 3rd period - Stopped by Anders Nilsson without a rebound.
19:51 of 3rd period - Luke Adam wins face-off versus Vladimir Sobotka in Ice Dragons zone.
Goals for this period are 0 for Inferno vs 0 for Ice Dragons.
Shots for this period are 11 for Inferno vs 8 for Ice Dragons.
Back to the Top